Map: Rhoskallian LE

Players

Ovaron

  • Race: Protoss Protoss
  • League: Silver
  • Spawn Location: 12:00

Stony

  • Race: Terran Terran
  • League: Silver
  • Spawn Location: 11:00

qqq

  • Race: Zerg Zerg
  • League: Platinum
  • Spawn Location: 5:00

Massa

  • Race: Terran Terran
  • League: Gold
  • Spawn Location: 6:00

VOD

Have the link to the VOD?

Description

Time

  • Played on: May 19, 2020, 2:07 p.m.
  • Length: 0:53
Show
View Real Time Build Order
Export as new Build Order

Ovaron Protoss 

Build Orders:  

Get SALT Encoding   

  12  0:01  Probe  
  13  0:14  Probe  
  14  0:21  Pylon  
  14  0:26  Probe  
  15  0:39  Probe (Chrono Boost)  
  16  0:44  Gateway  
Show
View Real Time Build Order
Export as new Build Order

Stony Terran 

Build Orders:  

Get SALT Encoding   

  12  0:01  SCV  
  13  0:18  SCV  
  14  0:21  Supply Depot  
  14  0:27  Refinery  
  14  0:30  SCV  
  15  0:45  Barracks  
Show
View Real Time Build Order
Export as new Build Order

qqq Zerg 

Build Orders:  

Get SALT Encoding   

  12  0:02  Drone  
  13  0:10  Drone  
  14  0:37  Hatchery  
Show
View Real Time Build Order
Export as new Build Order

Massa Terran 

Build Orders:  

Get SALT Encoding   

  12  0:09  SCV  
  13  0:17  Supply Depot  
  14  0:21  SCV  
  14  0:33  SCV  
  15  0:42  Barracks  
Tags
 
Add a new tag
Caveats
  • Supply blocks, unpowered buildings, or Contaminate may cause inaccurate times.
  • Supply counts are checked every 10 seconds.